[Event "Titled Tuesday Blitz October 11 Late 2022"]
[White "Ankerst, Mihael"]
[Black "Baskakov, Egor"]
[WhiteFideId "14602369"]
[BlackFideId "24197866"]
[WhiteElo "2402"]
[BlackElo "2211"]
[Result "0-1"]
[Round "02"]
[TimeControl "180+1"]
[Date "2022.10.12"]
[WhiteClock "0:00:11"]
[BlackClock "0:02:30"]

1. e4 c5 2. Nf3 Nf6 3. d4 Nxe4 4. d5 d6 5. c4 Nf6 6. h3 g6 7. Bd3 Bg7 8. O-O O-O 9. Nc3 e6 10. dxe6 Bxe6 11. Bg5 Nbd7 12. Qd2 Ne5 13. Nxe5 dxe5 14. Rfe1 e4 15. Bxf6 Bxf6 16. Nxe4 b6 17. Nxf6+ Qxf6 18. b3 Rad8 19. Qe2 Rd4 20. Be4 Rfd8 21. Rad1 Qf4 22. g3 Qh6 0-1


[Site "https://www.chess.com"]

[Event "Titled Tuesday Blitz October 11 Late 2022"]
[White "Arnold, Ken"]
[Black "Nozdrachev, Leonid"]
[WhiteFideId "2056836"]
[BlackFideId "24113433"]
[WhiteElo "2354"]
[BlackElo "2249"]
[Result "0-1"]
[Round "02"]
[TimeControl "180+1"]
[Date "2022.10.12"]
[WhiteClock "0:00:11"]
[BlackClock "0:00:26"]

1. d4 Nf6 2. c4 e5 3. d5 Bc5 4. Nc3 d6 5. Nf3 a6 6. h3 O-O 7. Bg5 b5 8. e3 b4 9. Ne4 Nbd7 10. Nxc5 Nxc5 11. Be2 h6 12. Bxf6 Qxf6 13. O-O Qg6 14. Kh2 f5 15. Nd2 f4 16. Bh5 Qg5 17. e4 Bd7 18. Bg4 f3 19. Nxf3 Qf4+ 20. g3 Qxe4 21. Re1 Qxc4 22. Rc1 Qxa2 23. Bxd7 Nxd7 24. Rxc7 Nc5 25. Rxc5 dxc5 26. d6 Qxb2 27. Qd5+ Kh8 28. Kg2 Rad8 29. Rxe5 Rxf3 30. Kxf3 Qd4 31. Qxd4 cxd4 32. Rd5 b3 33. Rxd4 a5 34. Rd5 a4 35. Rb5 Rxd6 36. Ke4 Ra6 37. Kd3 a3 38. Rxb3 a2 0-1


[Site "https://www.chess.com"]

[Event "Titled Tuesday Blitz October 11 Late 2022"]
[White "Averjanov, Alexey"]
[Black "Yano, William Jorge Froes"]
[WhiteFideId "14109867"]
[BlackFideId "2112949"]
[WhiteElo "2667"]
[BlackElo "2122"]
[Result "1-0"]
[Round "02"]
[TimeControl "180+1"]
[Date "2022.10.12"]
[WhiteClock "0:00:30"]
[BlackClock "0:00:06"]

1. d4 Nf6 2. c4 c5 3. d5 b5 4. Nf3 g6 5. b3 d6 6. Bb2 Bg7 7. Nbd2 O-O 8. e4 Bg4 9. Be2 bxc4 10. bxc4 Nbd7 11. O-O Rb8 12. Bc3 Ne8 13. Qc2 Bxf3 14. Nxf3 f6 15. Rab1 Nc7 16. Rxb8 Qxb8 17. Rb1 Qc8 18. Qa4 Ne5 19. Bxe5 fxe5 20. Qc6 Qd8 21. Rb7 Ne8 22. Ng5 Qa5 23. Bf1 Qd2 24. Nf3 Qc2 25. Rxe7 Nf6 26. Qxd6 Nxe4 27. Qe6+ Kh8 28. h3 Qxf2+ 29. Kh2 Rxf3 30. Re8+ Rf8 31. Rxf8+ Qxf8 32. Bd3 Qf4+ 33. Kg1 Qf2+ 34. Kh2 Qg3+ 35. Kg1 Qe1+ 36. Kh2 Qg3+ 37. Kg1 Qf2+ 38. Kh2 Qe1 39. Qe8+ 1-0


[Site "https://www.chess.com"]

[Event "Titled Tuesday Blitz October 11 Late 2022"]
[White "Azaladze, Shota"]
[Black "Kobla, Vishal"]
[WhiteFideId "13603027"]
[BlackFideId "2078457"]
[WhiteElo "2439"]
[BlackElo "1972"]
[Result "1-0"]
[Round "02"]
[TimeControl "180+1"]
[Date "2022.10.12"]
[WhiteClock "0:00:43"]
[BlackClock "0:00:15"]

1. b3 e5 2. Bb2 Nc6 3. e3 f6 4. d4 exd4 5. exd4 d5 6. Nc3 Bf5 7. Qd2 a6 8. a3 Bd6 9. O-O-O Nge7 10. Nge2 Qd7 11. f3 h5 12. Nf4 O-O-O 13. h4 Bxf4 14. Qxf4 Qd6 15. Qxd6 Rxd6 16. Ne2 Ng6 17. Kd2 Re6 18. Ng3 Nge7 19. Be2 Bg6 20. Rhe1 Re8 21. Bf1 Nf5 22. Rxe6 Rxe6 23. Nxf5 Bxf5 24. a4 Nb4 25. c3 Nc6 26. b4 Kd7 27. Be2 Ne7 28. Rg1 Ng6 29. g3 Re8 30. Bc1 c6 31. Kd1 Kd6 32. Ba3 Bc2+ 33. Kd2 Bxa4 34. b5+ Kd7 35. bxa6 bxa6 36. Bd3 Ne7 37. Bxa6 Nf5 38. g4 Nxh4 39. Rg3 hxg4 40. fxg4 Ng6 41. g5 Nf4 42. gxf6 gxf6 43. Rg7+ Ke6 44. Bf1 Bb5 45. Bxb5 cxb5 46. Rb7 Kf5 47. Bd6 Re2+ 48. Kd1 Rb2 49. Kc1 Nd3+ 50. Kd1 Ke6 51. Bb8 Nf2+ 52. Kc1 Nd3+ 53. Kd1 Nf2+ 54. Ke1 Nd3+ 55. Kf1 Rb3 56. Ke2 Nf4+ 57. Kd2 Ng6 58. Kc2 Ra3 59. Rb6+ Kf5 60. Rxb5 Nf4 61. Bxf4 Kxf4 62. Rxd5 Ke4 63. Rd8 f5 64. Re8+ Kf3 65. Kd3 f4 66. d5 Kf2 67. d6 Ra6 68. Re6 f3 69. c4 Kg3 70. c5 f2 71. Rg6+ Kh4 72. Rf6 Kg3 73. Kd4 Ra3 74. d7 Ra4+ 75. Kd5 Ra1 76. Rxf2 Kxf2 77. c6 Rd1+ 78. Ke6 Re1+ 79. Kf7 Rd1 80. Ke7 Re1+ 81. Kd8 Rh1 82. c7 Rh8+ 83. Ke7 Rh7+ 84. Kd6 Rh6+ 85. Kc5 Rh5+ 86. Kb6 Rh6+ 87. Kb7 1-0


[Site "https://www.chess.com"]

[Event "Titled Tuesday Blitz October 11 Late 2022"]
[White "Balkum, Alexander"]
[Black "Makaraci, Tunahan"]
[WhiteFideId "2005069"]
[BlackFideId "6356559"]
[WhiteElo "2351"]
[BlackElo "2175"]
[Result "0-1"]
[Round "02"]
[TimeControl "180+1"]
[Date "2022.10.12"]
[WhiteClock "0:00:12"]
[BlackClock "0:00:16"]

1. e4 Nf6 2. e5 Nd5 3. c4 Nb6 4. d4 d6 5. exd6 cxd6 6. Nc3 g6 7. Be3 Bg7 8. b3 O-O 9. Rc1 Bf5 10. g4 Bd7 11. Bg2 Nc6 12. d5 Ne5 13. h3 f5 14. f4 Nf7 15. g5 e5 16. dxe6 Bxe6 17. Bxb7 Re8 18. Kf2 Rb8 19. Bc6 Bd7 20. Bxd7 Nxd7 21. Nf3 Rxe3 22. Kxe3 Qb6+ 23. Kd2 Nc5 24. Re1 Qa5 25. Re3 Ne4+ 26. Rxe4 fxe4 27. Ne1 e3+ 28. Kd3 Qf5+ 29. Ke2 Qxf4 30. Qd5 Qf2+ 31. Kd1 Bxc3 32. Rxc3 e2+ 33. Kd2 Qf4+ 34. Kc2 Qxg5 35. Qxg5 Nxg5 36. Re3 Nxh3 37. Rxh3 Re8 38. Kd2 Kg7 39. Re3 Rf8 40. Rxe2 g5 41. Nd3 h5 42. b4 h4 43. c5 dxc5 44. bxc5 g4 45. c6 g3 46. Ne5 h3 47. Ng4 g2 48. Re1 Rf1 49. c7 g1=Q 50. Re7+ Kg6 51. c8=Q Qd4+ 52. Ke2 Qd1+ 53. Ke3 Rf3+ 54. Ke4 Qd3+ 55. Ke5 Rf5+ 56. Ke6 Qd5# 0-1


[Site "https://www.chess.com"]

[Event "Titled Tuesday Blitz October 11 Late 2022"]
[White "Baltaci, Ismail Tarik"]
[Black "Salman, Pavel"]
[WhiteFideId "6365213"]
[BlackFideId "24153753"]
[WhiteElo "2337"]
[BlackElo "2187"]
[Result "1-0"]
[Round "02"]
[TimeControl "180+1"]
[Date "2022.10.12"]
[WhiteClock "0:01:18"]
[BlackClock "0:00:20"]

1. e4 c5 2. Nf3 e6 3. d4 cxd4 4. Nxd4 a6 5. b3 Nf6 6. Nd2 Bc5 7. Bb2 Nc6 8. Nxc6 dxc6 9. Bd3 Qe7 10. O-O e5 11. Nc4 Ng4 12. h3 h5 13. Qf3 b5 14. Ne3 Nxe3 15. fxe3 Bg4 16. hxg4 hxg4 17. Qg3 Bxe3+ 18. Qxe3 Qh4 19. Bxe5 O-O 20. Qg3 Qh5 21. Rf5 Qh6 22. Raf1 Rae8 23. Bd6 f6 24. Bxf8 Rxf8 25. Qxg4 Qe3+ 26. R5f2 c5 27. Qf3 Qd4 28. c3 Qe5 29. Qf5 Qxc3 30. Qd5+ Rf7 31. e5 f5 32. Rxf5 1-0


[Site "https://www.chess.com"]

[Event "Titled Tuesday Blitz October 11 Late 2022"]
[White "Bazeev, German"]
[Black "Pham, Le Thao Nguyen"]
[WhiteFideId "24119350"]
[BlackFideId "12401226"]
[WhiteElo "2493"]
[BlackElo "2282"]
[Result "1-0"]
[Round "02"]
[TimeControl "180+1"]
[Date "2022.10.12"]
[WhiteClock "0:01:31"]
[BlackClock "0:01:12"]

1. d4 g6 2. e4 Bg7 3. Nc3 e6 4. Nf3 Ne7 5. h4 h5 6. Bg5 f6 7. Bf4 a6 8. e5 b5 9. exf6 Bxf6 10. Ne4 Bg7 11. Be5 Bxe5 12. dxe5 Ng8 13. Qd4 Bb7 14. O-O-O Nc6 15. Qe3 Qe7 16. Nc5 Bc8 17. Bd3 Qg7 18. Be4 Nge7 19. Rd2 Rb8 20. Rhd1 O-O 21. Nxd7 Bxd7 22. Rxd7 Rbd8 23. Bxc6 1-0


[Site "https://www.chess.com"]

[Event "Titled Tuesday Blitz October 11 Late 2022"]
[White "Besedes, Danilo"]
[Black "Rasulov, Vugar"]
[WhiteFideId "946796"]
[BlackFideId "13402390"]
[WhiteElo "2352"]
[BlackElo "2509"]
[Result "0-1"]
[Round "02"]
[TimeControl "180+1"]
[Date "2022.10.12"]
[WhiteClock "0:00:16"]
[BlackClock "0:01:41"]

1. Nf3 d5 2. d4 Nc6 3. Bf4 Bf5 4. e3 e6 5. a3 Bd6 6. Bg3 Nf6 7. c4 O-O 8. Nc3 Ne4 9. Rc1 h6 10. cxd5 Nxc3 11. Rxc3 exd5 12. Be2 Bxg3 13. hxg3 Ne7 14. Ne5 c6 15. Bd3 Bxd3 16. Qxd3 Nc8 17. O-O Nd6 18. Rfc1 a5 19. Qd1 a4 20. Nd3 Nc4 21. Qe2 b5 22. Nb4 Qf6 23. Rd1 Rfe8 24. Rc2 Rac8 25. Qf3 Qg6 26. Qe2 Re7 27. Qd3 Qf6 28. Re1 Rce8 29. Rd1 Re6 30. Re1 h5 31. Qe2 h4 32. gxh4 Qxh4 33. g3 Qh3 34. Qf3 Rh6 35. Qg2 Qf5 36. Rce2 Rhe6 37. Rd1 g5 38. Nd3 Kg7 39. Nc5 Rh6 40. Rde1 Reh8 41. e4 dxe4 42. Nxe4 g4 43. Nc3 Qf3 0-1


[Site "https://www.chess.com"]

[Event "Titled Tuesday Blitz October 11 Late 2022"]
[White "Bilych, Olexiy"]
[Black "Bilan, Danila"]
[WhiteFideId "14156504"]
[BlackFideId "24161918"]
[WhiteElo "2320"]
[BlackElo "2203"]
[Result "1-0"]
[Round "02"]
[TimeControl "180+1"]
[Date "2022.10.12"]
[WhiteClock "0:00:03"]
[BlackClock "0:00:05"]

1. e4 c6 2. d4 d5 3. e5 c5 4. dxc5 Nc6 5. f4 e6 6. Be3 d4 7. Bf2 Bxc5 8. Nf3 Nge7 9. Bd3 Nd5 10. g3 Ne3 11. Bxe3 dxe3 12. Qe2 b6 13. Nc3 Bb7 14. Ne4 Nd4 15. Nxd4 Qxd4 16. c3 Qd5 17. b4 Be7 18. Rd1 O-O 19. O-O g6 20. Qxe3 Rfd8 21. a3 Rac8 22. Rd2 Qb3 23. h4 Bxe4 24. Qxe4 Qxc3 25. Rfd1 Rd4 26. Qb7 Rc7 27. Qb8+ Rd8 28. Qxd8+ Bxd8 29. Kg2 Be7 30. h5 Kg7 31. g4 g5 32. f5 Qxe5 33. h6+ Kg8 34. f6 Bd6 35. Bb1 Qg3+ 36. Kf1 Bf8 37. Rd8 Qh3+ 38. Kf2 Qxh6 39. Bxh7+ Qxh7 40. Rxf8+ Kxf8 41. Rd8# 1-0


[Site "https://www.chess.com"]

[Event "Titled Tuesday Blitz October 11 Late 2022"]
[White "Borawski, Jakub"]
[Black "Poliakova, Varvara"]
[WhiteFideId "1143000"]
[BlackFideId "13518313"]
[WhiteElo "2122"]
[BlackElo "1938"]
[Result "0-1"]
[Round "02"]
[TimeControl "180+1"]
[Date "2022.10.12"]
[WhiteClock "0:01:42"]
[BlackClock "0:00:30"]

1. d4 f5 2. g4 d6 3. Qd3 fxg4 4. h3 g6 5. hxg4 Nf6 6. f3 Bg7 7. c4 Nc6 8. Nc3 e5 9. d5 Nb4 10. Qb1 a5 11. a3 Na6 12. b4 axb4 13. axb4 Bd7 14. Nh3 e4 15. fxe4 Nxg4 16. Bd2 O-O 17. Bg2 Ne5 18. Qb3 Qh4+ 19. Kd1 Qg3 20. Bf1 Rxf1+ 21. Rxf1 Qxh3 22. b5 Qxf1+ 0-1


[Site "https://www.chess.com"]

[Event "Titled Tuesday Blitz October 11 Late 2022"]
[White "Boros, Denes"]
[Black "Krzywda, Andrzej"]
[WhiteFideId "722340"]
[BlackFideId "1114565"]
[WhiteElo "2464"]
[BlackElo "2149"]
[Result "1-0"]
[Round "02"]
[TimeControl "180+1"]
[Date "2022.10.12"]
[WhiteClock "0:00:32"]
[BlackClock "0:00:02"]

1. d4 Nf6 2. Nc3 d5 3. Nf3 Bf5 4. Nh4 Bg6 5. Bf4 a6 6. g3 e6 7. Bg2 Bb4 8. Nxg6 hxg6 9. a3 Bd6 10. Bg5 c5 11. e4 cxd4 12. Qxd4 Nc6 13. Qd3 Ne5 14. Qd4 Nc6 15. Qd2 d4 16. Ne2 e5 17. O-O Be7 18. h4 Qb6 19. c3 Rd8 20. cxd4 Nxd4 21. Nxd4 Rxd4 22. Qc2 Rd8 23. Be3 Qb5 24. a4 Qd3 25. Qc7 Qd7 26. Qxe5 O-O 27. Bg5 Rfe8 28. Qc3 Nxe4 29. Bxe4 Bxg5 30. Bxg6 Bd2 31. Qb3 Qd5 32. Bc2 Qe5 33. Rad1 Ba5 34. Bb1 b5 35. Ba2 Qf6 36. axb5 axb5 37. Rd3 Bb6 38. Rf3 Qe6 39. Rxf7 Qxb3 40. Bxb3 Rd3 41. Rf3+ Rxb3 42. Rxb3 Re2 43. Rxb5 Bd4 44. Kg2 Bxb2 45. Kf3 Rc2 46. Re1 Bd4 47. Rf1 Kh7 48. Rd5 Bb6 49. Rd3 Ra2 50. g4 Ra4 51. Kg3 Rb4 52. f4 Ra4 53. h5 Rb4 54. g5 Ra4 55. Rd6 Bc7 56. Rc6 Ra3+ 57. Kg4 Bb8 58. g6+ Kh6 59. Rc8 1-0


[Site "https://www.chess.com"]

[Event "Titled Tuesday Blitz October 11 Late 2022"]
[White "Bortnyk, Mykola"]
[Black "Thomforde-Toates, Noah"]
[WhiteFideId "14120836"]
[BlackFideId "30951992"]
[WhiteElo "2582"]
[BlackElo "2677"]
[Result "0-1"]
[Round "02"]
[TimeControl "180+1"]
[Date "2022.10.11"]
[WhiteClock "0:00:41"]
[BlackClock "0:01:12"]

1. e4 c5 2. c3 d5 3. exd5 Qxd5 4. Nf3 Nc6 5. Na3 Bg4 6. Be2 Nf6 7. h3 Bh5 8. d4 e6 9. O-O O-O-O 10. Nb5 a6 11. a4 axb5 12. axb5 Nb8 13. Ra8 Bd6 14. Be3 cxd4 15. cxd4 Kd7 16. Qa4 Ke7 17. Rd1 Nbd7 18. Ra7 Rc8 19. b3 Rc3 20. Bd2 Bxf3 21. Bxf3 Rxf3 22. gxf3 Qxf3 23. Re1 Qxh3 24. Bb4 Qh2+ 25. Kf1 Qh1+ 26. Ke2 Qe4+ 27. Kf1 Qd3+ 28. Re2 Qxd4 29. Bxd6+ Qxd6 30. Rxb7 Rc8 31. Qa1 Qd5 32. Rxd7+ Nxd7 33. Qa3+ Ke8 34. Kg1 Qd1+ 0-1


[Site "https://www.chess.com"]

[Event "Titled Tuesday Blitz October 11 Late 2022"]
[White "Boruchovsky, Avital"]
[Black "Jimenez, Joaquin"]
[WhiteFideId "2800055"]
[BlackFideId "109860"]
[WhiteElo "2466"]
[BlackElo "2163"]
[Result "1-0"]
[Round "02"]
[TimeControl "180+1"]
[Date "2022.10.12"]
[WhiteClock "0:00:23"]
[BlackClock "0:00:21"]

1. c4 Nf6 2. Nc3 g6 3. e4 d6 4. d4 Bg7 5. Be2 O-O 6. h4 h5 7. Nh3 e5 8. d5 Nbd7 9. Ng5 a5 10. Be3 Nc5 11. f3 a4 12. Rb1 Bd7 13. b4 axb3 14. axb3 Nh7 15. b4 Ra3 16. Qc1 Rxc3 17. Qxc3 Na6 18. c5 Nxg5 19. hxg5 Nb8 20. b5 dxc5 21. Bxc5 Re8 22. Be3 Bf8 23. O-O Be7 24. Qxe5 Bd6 25. Qf6 Be7 26. Qc3 Bxg5 27. Bxg5 Qxg5 28. Qxc7 Rc8 29. Qd6 Qe3+ 30. Rf2 h4 31. Rf1 h3 32. Qg3 hxg2 33. Kxg2 Be8 34. Rh1 Nd7 35. Qh4 Kf8 36. d6 Nf6 37. Qxf6 1-0


[Site "https://www.chess.com"]

[Event "Titled Tuesday Blitz October 11 Late 2022"]
[White "Buchenau, Frank"]
[Black "Vargas, Mauricio"]
[WhiteFideId "4604350"]
[BlackFideId "4404572"]
[WhiteElo "2157"]
[BlackElo "2025"]
[Result "1/2-1/2"]
[Round "02"]
[TimeControl "180+1"]
[Date "2022.10.12"]
[WhiteClock "0:00:15"]
[BlackClock "0:00:47"]

1. e4 c6 2. Nf3 d5 3. Nc3 dxe4 4. Nxe4 Nf6 5. Qe2 Nxe4 6. Qxe4 Qd5 7. Qh4 Bf5 8. Bc4 Qa5 9. c3 e6 10. O-O Be7 11. Qg3 O-O 12. d4 Nd7 13. Re1 Bg6 14. Bd2 Qb6 15. Bc1 Nf6 16. Ne5 Qa5 17. Nxg6 hxg6 18. Bd2 Rad8 19. Rad1 Qb6 20. Bb3 c5 21. Be3 cxd4 22. Bxd4 Bc5 23. Bxf6 gxf6 24. Bxe6 Rxd1 25. Qxg6+ Kh8 26. Qxf6+ Kg8 27. Qg6+ Kh8 28. Qh6+ Kg8 29. Qg6+ Kh8 30. Qh6+ Kg8 31. Qg6+ 1/2-1/2


[Site "https://www.chess.com"]

[Event "Titled Tuesday Blitz October 11 Late 2022"]
[White "Burke, Paul"]
[Black "Sowul, Bartosz"]
[WhiteFideId "2605767"]
[BlackFideId "1137590"]
[WhiteElo "1873"]
[BlackElo "2188"]
[Result "0-1"]
[Round "02"]
[TimeControl "180+1"]
[Date "2022.10.12"]
[WhiteClock "0:00:32"]
[BlackClock "0:00:53"]

1. e4 c5 2. d4 cxd4 3. c3 d3 4. Bxd3 g6 5. Nf3 Bg7 6. Bc4 Nc6 7. Bg5 d6 8. Qb3 Nh6 9. Bxh6 Bxh6 10. Bxf7+ Kf8 11. Bd5 e6 12. Bxe6 Qe7 13. Bd5 Bg4 14. Nd4 Rc8 15. O-O Ne5 16. f4 Nd3 17. Qxb7 Rc7 18. Qb8+ Kg7 19. Qb3 Bxf4 20. c4 Qh4 21. Rxf4 Qe1+ 22. Rf1 Qe3+ 23. Kh1 Nf2+ 24. Kg1 Nh3+ 25. Kh1 Qg1+ 26. Rxg1 Nf2# 0-1


[Site "https://www.chess.com"]

[Event "Titled Tuesday Blitz October 11 Late 2022"]
[White "Carbone, Diego"]
[Black "Bordi, Kevin"]
[WhiteFideId "3002179"]
[BlackFideId "621862"]
[WhiteElo "2243"]
[BlackElo "2752"]
[Result "1-0"]
[Round "02"]
[TimeControl "180+1"]
[Date "2022.10.12"]
[WhiteClock "0:00:04"]
[BlackClock "0:01:30"]

1. d4 d5 2. c4 c6 3. Nf3 Nf6 4. e3 Bf5 5. Nc3 e6 6. Nh4 Be4 7. f3 Bg6 8. Qb3 Qb6 9. Nxg6 hxg6 10. Bd2 Nbd7 11. g3 Bd6 12. Kf2 Qc7 13. Kg2 Bxg3 14. cxd5 Bxh2 15. f4 exd5 16. Rxh2 Rxh2+ 17. Kxh2 O-O-O 18. Bg2 Kb8 19. Rc1 Qd6 20. Qd1 g5 21. Qf3 g4 22. Qg3 Qe6 23. Rh1 Nh5 24. Qh4 Ndf6 25. Kg1 Re8 26. Qg5 g6 27. Qe5+ Kc8 28. Qxe6+ Rxe6 29. Kf2 Kd7 30. Bf1 b5 31. a3 a5 32. b4 axb4 33. axb4 Re8 34. Be2 Ra8 35. Rb1 Ra3 36. Rb2 Rxc3 37. Bxc3 Ne4+ 38. Kg2 Nxc3 39. Bxg4+ Kd6 40. Bxh5 gxh5 41. Kf3 Ke6 42. Rh2 f6 43. Rxh5 Na2 44. f5+ Kd6 45. Rh6 Ke7 46. Rh7+ Ke8 47. Rc7 Nxb4 48. Kg4 Nc2 49. Kh5 Nxe3 50. Kg6 Nc2 51. Rxc6 Nxd4 52. Rd6 Ne2 53. Kxf6 Nf4 54. Rb6 d4 55. Rxb5 d3 56. Ke5 Kd7 57. Kxf4 Kc6 58. Rb1 Kc5 59. Rd1 Kd4 60. Kf3 Kc3 61. Ke3 Kc2 62. Rxd3 1-0


[Site "https://www.chess.com"]

[Event "Titled Tuesday Blitz October 11 Late 2022"]
[White "Carlsen, Magnus"]
[Black "Slugin, Sergey"]
[WhiteFideId "1503014"]
[BlackFideId "4122569"]
[WhiteElo "2830"]
[BlackElo "2330"]
[Result "1-0"]
[Round "02"]
[TimeControl "180+1"]
[Date "2022.10.11"]
[WhiteClock "0:02:25"]
[BlackClock "0:00:38"]

1. g4 Nh6 2. g5 Nf5 3. e4 Nd6 4. Nc3 e5 5. d4 exd4 6. Qxd4 Nc6 7. Qe3 Be7 8. Bd2 Ne5 9. b3 h6 10. gxh6 Rxh6 11. Qg3 Ng6 12. Bxh6 gxh6 13. O-O-O Bg5+ 14. Kb1 Bf4 15. Qd3 Ne5 16. Qd4 Ng6 17. Nf3 c6 18. Rg1 Qe7 19. Rxg6 fxg6 20. e5 1-0


[Site "https://www.chess.com"]

[Event "Titled Tuesday Blitz October 11 Late 2022"]
[White "Chigaev, Maksim"]
[Black "Korchmar, Vasiliy"]
[WhiteFideId "4108116"]
[BlackFideId "24131750"]
[WhiteElo "2537"]
[BlackElo "2370"]
[Result "0-1"]
[Round "02"]
[TimeControl "180+1"]
[Date "2022.10.11"]
[WhiteClock "0:00:04"]
[BlackClock "0:00:11"]

1. e4 c5 2. Nf3 d6 3. d4 cxd4 4. Nxd4 Nf6 5. Nc3 Nc6 6. f3 e5 7. Nb3 Be7 8. Be3 O-O 9. Qd2 Be6 10. O-O-O a5 11. Bb5 Nb4 12. a3 d5 13. axb4 d4 14. bxa5 Bxb3 15. cxb3 Qxa5 16. Bxd4 exd4 17. Qxd4 Rfc8 18. Bd3 Bb4 19. Bc2 Bxc3 20. bxc3 Qa3+ 21. Kd2 Rd8 22. Ke2 Rxd4 23. cxd4 g6 24. Rd2 Nh5 25. g3 Nf6 26. d5 Kg7 27. e5 Nxd5 28. Rxd5 Qb2 29. Rc5 Rd8 30. Rb1 Qd4 31. Rc4 Qd2+ 32. Kf1 Qxh2 0-1


[Site "https://www.chess.com"]

[Event "Titled Tuesday Blitz October 11 Late 2022"]
[White "Czernek, Tymon"]
[Black "Dzierzak, Radoslaw"]
[WhiteFideId "1199510"]
[BlackFideId "1161407"]
[WhiteElo "2240"]
[BlackElo "2111"]
[Result "1-0"]
[Round "02"]
[TimeControl "180+1"]
[Date "2022.10.12"]
[WhiteClock "0:01:08"]
[BlackClock "0:00:02"]

1. e4 c5 2. Nf3 Nc6 3. d4 cxd4 4. Nxd4 e6 5. Nc3 Qc7 6. Be3 a6 7. Qd2 Nf6 8. a3 Be7 9. O-O-O d6 10. f4 O-O 11. Be2 Nxd4 12. Bxd4 b5 13. Bf3 Bb7 14. g4 e5 15. Be3 exf4 16. Bxf4 Nd7 17. Nd5 Bxd5 18. exd5 Bf6 19. Rhe1 Be5 20. Bxe5 Nxe5 21. Rxe5 dxe5 22. d6 Qd7 23. Bxa8 Rxa8 24. Qe2 Re8 25. Kb1 g6 26. Qe4 Kg7 27. h4 Re6 28. h5 f6 29. hxg6 hxg6 30. Qb4 e4 31. g5 fxg5 32. Qc3+ Kg8 33. Qc7 Qe8 34. d7 1-0


[Site "https://www.chess.com"]

[Event "Titled Tuesday Blitz October 11 Late 2022"]
[White "D`Arruda, Ricardo D."]
[Black "Yanchenko, Roman"]
[WhiteFideId "100692"]
[BlackFideId "4137329"]
[WhiteElo "2445"]
[BlackElo "2514"]
[Result "1-0"]
[Round "02"]
[TimeControl "180+1"]
[Date "2022.10.12"]
[WhiteClock "0:00:26"]
[BlackClock "0:00:02"]

1. Nf3 d5 2. d4 Nf6 3. g3 Bf5 4. Bg2 e6 5. O-O c5 6. c4 Nc6 7. Nc3 h6 8. Qa4 a6 9. Rd1 Qb6 10. Be3 Qb4 11. dxc5 Bxc5 12. Bxc5 Qxc5 13. cxd5 exd5 14. Rac1 Qc4 15. Qxc4 dxc4 16. Nd4 Bd7 17. Nxc6 Bxc6 18. Bxc6+ bxc6 19. Na4 O-O 20. Rxc4 Rfe8 21. e3 Re6 22. Rdc1 Rb8 23. b3 Rc8 24. Nc5 Re5 25. Nxa6 Ra5 26. Nb4 c5 27. Nc2 Rxa2 28. b4 Nd7 29. Nd4 g5 30. bxc5 Ne5 31. R4c3 g4 32. c6 Kg7 33. c7 Kg6 34. Kg2 h5 35. Nb5 Ra6 36. Rc5 f6 37. Rd5 Rb6 38. Rd8 Rxc7 39. Nxc7 Rb2 40. Ne6 Nf3 41. Nf4+ Kf7 42. Rd7+ Ke8 43. Ra7 Kd8 44. Rca1 Ke8 45. Rh7 h4 46. Ra8+ Rb8 47. Rxb8# 1-0


[Site "https://www.chess.com"]

[Event "Titled Tuesday Blitz October 11 Late 2022"]
[White "Dardha, Daniel"]
[Black "Horobetz, Graham"]
[WhiteFideId "240990"]
[BlackFideId "2047322"]
[WhiteElo "2528"]
[BlackElo "2561"]
[Result "1-0"]
[Round "02"]
[TimeControl "180+1"]
[Date "2022.10.12"]
[WhiteClock "0:00:58"]
[BlackClock "0:00:01"]

1. e4 c5 2. Nf3 d6 3. d4 cxd4 4. Nxd4 Nf6 5. Nc3 a6 6. Be3 e5 7. Nf3 Be7 8. Bc4 O-O 9. O-O Be6 10. Bxe6 fxe6 11. Na4 Ng4 12. Bb6 Qe8 13. c4 Nd7 14. h3 Nh6 15. Be3 Nf7 16. Qb3 Rb8 17. Rfd1 Bd8 18. Nc3 Kh8 19. Qc2 Bb6 20. Bxb6 Nxb6 21. Qe2 Nd7 22. Rac1 Nf6 23. b4 Nh5 24. Qe3 Nf4 25. Ne2 Nxe2+ 26. Qxe2 Qc6 27. c5 d5 28. exd5 exd5 29. Nxe5 Nxe5 30. Qxe5 Rbe8 31. Qd6 Qa4 32. Qxd5 Qxb4 33. Rb1 Qf4 34. Qd2 Qf7 35. Re1 Rd8 36. Qb2 Rd7 37. Re2 h6 38. Rbe1 Rfd8 39. a3 Kh7 40. Qe5 Qg6 41. Re3 Rd5 42. Qb2 Rg5 43. g3 Rgd5 44. Qxb7 Rxc5 45. Re6 Qd3 46. Rxh6+ Kxh6 47. Qb6+ Kh7 48. Qxc5 Rd5 49. Qc6 a5 50. Re3 Qd1+ 51. Kg2 Rf5 52. Qe4 1-0


[Site "https://www.chess.com"]

[Event "Titled Tuesday Blitz October 11 Late 2022"]
[White "Dilanyan, Grigor"]
[Black "Sjugirov, Sanan"]
[WhiteFideId "13303570"]
[BlackFideId "4189302"]
[WhiteElo "2264"]
[BlackElo "2609"]
[Result "0-1"]
[Round "02"]
[TimeControl "180+1"]
[Date "2022.10.11"]
[WhiteClock "0:00:20"]
[BlackClock "0:00:34"]

1. d4 Nf6 2. Nf3 e6 3. g3 b5 4. Qd3 a6 5. e4 Bb7 6. e5 Nd5 7. Bg2 Be7 8. O-O d6 9. a4 b4 10. c4 bxc3 11. bxc3 Nd7 12. exd6 cxd6 13. Ba3 a5 14. Nbd2 O-O 15. Rab1 Ba6 16. c4 Rc8 17. Rfc1 Nb4 18. Qe3 Nb6 19. Bxb4 axb4 20. Rxb4 Nd5 21. cxd5 Rxc1+ 22. Nf1 Qc8 23. dxe6 fxe6 24. Nd2 Kh8 25. Bh3 Qc2 26. d5 e5 27. Rb7 Bxb7 0-1


[Site "https://www.chess.com"]

[Event "Titled Tuesday Blitz October 11 Late 2022"]
[White "Dilmukhametov, Artur"]
[Black "Petrovic, Aleksa"]
[WhiteFideId "24179922"]
[BlackFideId "967629"]
[WhiteElo "2197"]
[BlackElo "2242"]
[Result "0-1"]
[Round "02"]
[TimeControl "180+1"]
[Date "2022.10.12"]
[WhiteClock "0:02:10"]
[BlackClock "0:00:30"]

1. e4 c6 2. Nc3 d5 3. Qf3 e6 4. d4 Bb4 5. Bd2 Nf6 6. Bd3 dxe4 7. Nxe4 Bxd2+ 8. Nxd2 Qxd4 9. O-O-O O-O 10. Nb3 Qg4 11. Qe3 Nd5 12. Qd2 Qf4 13. Ne2 Qxd2+ 14. Rxd2 Nd7 15. a3 Ne5 16. Be4 Nf6 17. Nc3 b6 18. f4 Nxe4 19. Nxe4 Nc4 20. Rd4 Ba6 21. Rhd1 Rfc8 22. Nd6 Nxd6 23. Rxd6 Kf8 24. Nd4 Bb7 25. Rd7 Rab8 26. Nf3 f6 27. Nd4 Re8 28. f5 exf5 29. Nxf5 Bc8 30. Nxg7 Bxd7 31. Rxd7 Re7 32. Rxe7 Kxe7 33. Nf5+ Ke6 34. Nd4+ Kd5 35. Nf3 Re8 36. Kd2 c5 37. Kd3 h5 38. c4+ Kd6 39. Nd2 Re1 40. g3 Rh1 41. h4 f5 42. Ke3 Ke5 43. Nf3+ Kf6 44. b4 Ra1 45. bxc5 bxc5 46. Kf4 Rxa3 47. Ne5 Rc3 48. Nd7+ Ke7 49. Ne5 Kd6 50. Nf7+ Kc7 51. Ne5 a5 52. Kg5 a4 53. Kxh5 a3 54. g4 a2 55. gxf5 a1=Q 56. f6 Qd1+ 57. Kg6 Rg3+ 58. Kf7 Qh5+ 59. Ke6 Qe8+ 60. Kf5 Qh5+ 61. Ke6 Re3 62. Ke7 Rxe5+ 63. Kf8 0-1


[Site "https://www.chess.com"]